 Dungeon Crawl Stone Soup version 0.28-a0-998-gb9e9c7b67e (webtiles) character file.

Game seed: 600542710381028497

121 r3xj the Chopper (level 4, -4/41 HPs)
             Began as a Minotaur Berserker on Dec 6, 2021.
             Was a Priest of Trog.
             Slain by a hornet (13 damage)
             ... on level 3 of the Dungeon.
             The game lasted 00:04:23 (3090 turns).

r3xj the Chopper (Minotaur Berserker)               Turns: 3090, Time: 00:04:24

Health: -4/41      AC:  9    Str: 22    XL:     4   Next: 76%
Magic:  3/3        EV:  8    Int:  4    God:    Trog [***...]
Gold:   126        SH:  0    Dex: 11    Spells: 3/3 levels left

rFire   . . .      SeeInvis .   a - +0 hand axe
rCold   . . .      Faith    .   (no shield)
rNeg    . . .      Spirit   .   r - +0 chain mail
rPois   .          Reflect  .   (helmet restricted)
rElec   .          Harm     .   (no cloak)
rCorr   .          Rampage  .   (no gloves)
Will    ++...                   (no boots)
Stlth   ..........              (no amulet)
HPRegen 1.13/turn               (no ring)
MPRegen 0.08/turn               (no ring)

@: strong-willed, regenerating, slowed, very slow
A: horns 2, retaliatory headbutt
a: Renounce Religion, Berserk, Trog's Hand


You were on level 3 of the Dungeon.
You worshipped Trog.
Trog was most pleased with you.
You visited 1 branch of the dungeon, and saw 5 of its levels.

You collected 126 gold pieces.

Inventory:

Hand Weapons
 a - a +0 hand axe (weapon)
Missiles
 l - 25 stones (quivered)
 s - 17 poisoned darts
 t - 18 sling bullets
Armour
 m - a +0 ring mail
 r - a +0 chain mail (worn)
Scrolls
 b - a scroll of vulnerability {unknown}
 c - a scroll of fear {unknown}
 d - 2 scrolls of fog {unknown}
 e - a scroll of holy word {unknown}
 j - 2 scrolls of identify {unknown}
 p - a scroll of enchant weapon {unknown}
 q - a scroll of blinking {unknown}
Potions
 f - 2 potions of curing {unknown}
 g - a potion of haste {unknown}
 h - a potion of brilliance {unknown}
 i - a potion of mutation {unknown}
 k - a potion of degeneration {unknown}
 n - a potion of magic {unknown}
 o - a potion of invisibility {unknown}


   Skills:
 + Level 4.4 Fighting
 * Level 5.1 Axes
 + Level 3.4 Armour
 + Level 3.1 Dodging


You had 3 spell levels left.
You didn't know any spells.
Your spell library was empty.

Dungeon Overview and Level Annotations

Branches:
Dungeon (5/15)
 Temple: D:4-7

Altars:
Hepliaklqana

Shops:
D:5 [


Innate Abilities, Weirdness & Mutations

You have a pair of horns on your head.
You reflexively headbutt those who attack you in melee.


Message History

No target in view!
No target in view!
You feel sick.
You feel sick.
You feel sick.
You feel sick.
You see here 16 bolts.
You feel sick.
You are no longer poisoned.
There is a stone staircase leading down here.
You climb downwards.
The hornet buzzes angrily.
The kobold shouts!
You hear a shout! x3
Found Gusoil's Armour Shoppe.
There is a stone staircase leading up here.
The hornet stings you!
You are poisoned.
You feel yourself slow down.
You climb upwards.
You feel yourself speed up.
You feel very sick.
There is a stone staircase leading down here.
You feel sick.
The hornet stings you but does no damage.
You feel sick.
The hornet stings you but does no damage.
You feel sick.
The hornet stings you but does no damage.
There is a stone staircase leading up here.
You feel sick. The hornet stings you.
* * * LOW HITPOINT WARNING * * *
You feel yourself slow down.
You climb upwards.
You feel sick.
You are no longer poisoned.
There is a stone staircase leading down here.
Your skin crawls.
You feel strong-willed.
You feel yourself speed up. The hornet stings you.
* * * LOW HITPOINT WARNING * * *
You feel yourself slow down. The hornet stings you!
You die...

#[#...######.....≈≈≈≈...
#.##...................≈
#.##..##########.≈≈≈≈≈.≈
#............# #.≈≈≈≈≈.≈
#######.######.# #.≈≈≈≈≈.≈
#.....#.# #.# #.≈≈≈≈≈.≈
#.###.#.# #.###........
#.#...).######.#..<......#
#.#...#.y@...#.#..........
#.....######.#.#.........#
###..## ###....###...#.##
#..# ##....#.........#
#..####..#....###...###
#.......###..## ##.##
#.#####..#...# #.#
#.....##...#.#####.#
#####..............#


You could see a hornet.

Vanquished Creatures
  3 adders (D:2)
  3 worms
  An orc (D:3)
  5 ball pythons
  8 bats
  8 endoplasms
  6 giant cockroaches
  8 goblins
  9 hobgoblins
  8 kobolds
  7 quokkas
  2 frilled lizards (D:1)
  6 rats
  A spectral hobgoblin (D:3)
75 creatures vanquished.

Notes
Turn   | Place    | Note
-------+----------+-------------------------------------------
     0 | D:1      | r3xj the Minotaur Berserker began the quest for the Orb.
     0 | D:1      | Reached XP level 1. HP: 19/19 MP: 0/0
   195 | D:1      | Found a faded altar of an unknown god.
   209 | D:1      | Reached XP level 2. HP: 27/27 MP: 1/1
   221 | D:1      | Reached skill level 4 in Axes
   488 | D:1      | Reached XP level 3. HP: 33/33 MP: 2/2
   813 | D:1      | Reached ** piety under Trog
  1285 | D:2      | Reached XP level 4. HP: 22/40 MP: 3/3
  2162 | D:3      | Found a hazy altar of Hepliaklqana.
  2415 | D:3      | Reached skill level 5 in Axes
  2744 | D:3      | Reached *** piety under Trog
  3082 | D:5      | Entered Level 5 of the Dungeon
  3082 | D:5      | Noticed a hornet
  3082 | D:5      | Found Gusoil's Armour Shoppe.
  3090 | D:3      | Slain by a hornet

Illustrated notes

Levels and vault maps discovered:
D:1:      zaba_arrival_water, layout_basic, chequers_ecumenical_altar_simple,
          roderic_three_in_a_row
D:2:      layout_basic, minmay_pentomino_z2
D:3:      layout_loops_ring, nicolae_hepliaklqana_monster_ancestors,
          minivault_14, kennysheep_minor_cross, minmay_increasing_density
D:4:      layout_cave_pools
D:5:      layout_loops_ring, serial_shops, shop, kennysheep_generic_room_9

Skill      XL: |  1  2  3  4 |
---------------+-------------+-----
Axes           | 4 5 |  5.1
Fighting       | 4 |  4.4
Armour         | 3 |  3.4
Dodging        | 3 |  3.1

Action                   |  1- 3 |  4- 6 || total
-------------------------+-------+-------++-------
Melee: Hand axe          |    74 |    72 ||   146
       Headbutt          |     6 |     9 ||    15
Invok: Trog's Hand       |       |     1 ||     1
Armor: Animal skin       |    15 |     4 ||    19
       Ring mail         |       |    17 ||    17
       Chain mail        |       |     5 ||     5
Dodge: Dodged            |    56 |    24 ||    80

Table legend: (Time is in decaauts)
 A = Elapsed time spent in this place.
 B = Non-inter-level travel time spent in this place.
 C = Inter-level travel time spent in this place.
 D = Time resting spent in this place.
 E = Time spent auto-exploring this place.
 F = Levels seen in this place.
 G = Mean time per level.
                   A        B        C        D        E       F      G
               +--------+--------+--------+--------+--------+-----+--------+
         Total |   3112 |   2733 |    379 |    184 |   2127 |   5 |  622.4 |
       Dungeon |   3112 |   2733 |    379 |    184 |   2127 |   5 |  622.4 |
               +--------+--------+--------+--------+--------+-----+--------+

Top non-repeatable levels by time:
     D:3: 1236 daAuts
     D:1: 1194 daAuts
     D:2: 655 daAuts
     D:4: 24 daAuts
     D:5: 1 daAuts
